Map: Oxide LE

Players

ShoWTimE - Winner!

  • Race: Protoss Protoss
  • League: Grandmaster

Geralt (Gerald)

  • Race: Protoss Protoss
  • League: Grandmaster

Event: DreamHack SC2 Masters 2021 Summer

VOD

Have the link to the VOD?

Description

Time

  • Played on: May 27, 2021, 12:27 p.m.
  • Length: 17:05

All games in this series

Show
View Real Time Build Order
Export as new Build Order

ShoWTimE Protoss - Winner!

Build Orders: Oracle Opening 

Get SALT Encoding   

  12  0:00  Probe  
  13  0:12  Probe  
  14  0:17  Pylon  
  14  0:24  Probe (Chrono Boost)  
  15  0:36  Probe (Chrono Boost)  
  15  0:37  Gateway  
  16  0:44  Probe (Chrono Boost)  
  16  0:46  Assimilator  
  17  0:51  Probe  
  18  1:03  Probe (Chrono Boost)  
  19  1:10  Assimilator  
  19  1:11  Pylon  
  19  1:15  Probe (Chrono Boost)  
  20  1:22  Probe (Chrono Boost)  
  20  1:24  Cybernetics Core  
  21  1:29  Probe  
  21  1:30  Zealot  
  24  1:41  Probe  
  25  1:53  Probe  
  26  2:00  Adept (Chrono Boost)  
  28  2:05  Probe  
  28  2:06  Stargate  
  29  2:10  Pylon  
  29  2:17  Probe  
  30  2:25  Pylon  
  30  2:28  Stalker  
  33  2:30  Probe  
  33  2:47  Warp Gate  
  32  2:52  Oracle (Chrono Boost)  
  32  2:54  Probe  
  36  3:08  Nexus  
  36  3:10  Pylon  
  36  3:12  Probe  
  37  3:24  Probe  
  38  3:28  Oracle (Chrono Boost)  
  41  3:36  Probe  
  41  3:37  Twilight Council  
  41  3:40  Shield Battery  
  42  3:48  Probe  
  43  3:57  Gateway  
  43  3:59  Adept  
  43  4:00  Probe  
  46  4:14  Probe, Blink (Chrono Boost)  
  46  4:15  Forge  
  47  4:26  Probe (Chrono Boost)  
  49  4:32  Probe (Chrono Boost)  
  50  4:38  Probe (Chrono Boost)  
  50  4:42  Stalker  
  50  4:44  Probe (Chrono Boost)  
  50  4:45  Probe (Chrono Boost)  
  53  4:48  Protoss Ground Weapons Level 1 (Chrono Boost)  
  53  4:52  Probe  
  55  4:54  Probe, Assimilator  
  55  4:55  Stalker  
  58  5:04  Probe, Pylon  
  58  5:06  Probe  
  60  5:11  Stalker  
  62  5:19  Pylon  
  62  5:22  Probe x2  
  62  5:32  Stalker  
  62  5:34  Probe x2  
  62  5:35  Gateway x2  
  64  5:37  Stalker  
  66  5:43  Pylon  
  66  5:54  Nexus  
  66  5:59  Stalker  
  66  6:00  Robotics Facility  
  66  6:01  Probe  
  66  6:03  Probe  
  70  6:05  Sentry  
  72  6:15  Gateway x2  
  72  6:16  Shield Battery  
  72  6:19  Probe x2  
  72  6:23  Pylon  
  74  6:26  Phoenix  
  74  6:29  Sentry x2  
  74  6:32  Probe x2  
  80  6:36  Stalker x2  
  84  6:44  Probe, Pylon  
  84  6:46  Probe  
  86  6:51  Observer  
  86  6:52  Protoss Ground Weapons Level 2 (Chrono Boost)  
  87  7:00  Phoenix  
  87  7:02  Gateway  
  87  7:03  Probe  
  87  7:05  Gateway  
  87  7:07  Probe  
  87  7:08  Pylon  
  89  7:17  Observer  
  89  7:19  Charge  
  90  7:27  Zealot x6  
  102  7:33  Probe  
  103  7:37  Photon Cannon  
  103  7:39  Pylon  
  103  7:41  Warp Prism (Chrono Boost)  
  103  7:44  Pylon  
  103  7:50  Nexus  
  105  7:53  Phoenix  
  105  8:07  Templar Archives  
  105  8:10  Immortal  
  105  8:12  Zealot x5  
  119  8:17  Zealot x2  
  123  8:28  Pylon  
  123  8:41  Gateway, Zealot  
  123  8:42  Zealot x5  
  123  8:43  Gateway, High Templar  
  123  8:45  High Templar  
  139  8:49  Probe  
  139  8:50  Pylon  
  139  8:51  Archon  
  139  9:05  Zealot x2  
  139  9:06  Zealot x4  
  151  9:14  Observer  
  151  9:16  Zealot  
  149  9:20  Zealot  
  149  9:26  Zealot x6  
  145  9:45  Zealot x4  
  139  9:46  Immortal  
  139  9:48  Zealot x4  
  133  9:54  Zealot x2  
  133  9:58  Probe x3  
  133  9:59  Probe  
  125  10:10  Probe  
  121  10:14  Zealot x5  
  121  10:15  Zealot x3  
  129  10:31  Zealot x2  
Show
View Real Time Build Order
Export as new Build Order

Geralt Protoss 

Build Orders:  

Get SALT Encoding   

  12  0:00  Probe  
  13  0:12  Probe  
  14  0:17  Pylon  
  14  0:24  Probe (Chrono Boost)  
  16  0:37  Probe (Chrono Boost), Gateway  
  16  0:42  Probe (Chrono Boost)  
  16  0:46  Assimilator  
  17  0:52  Probe (Chrono Boost)  
  17  0:54  Assimilator  
  19  1:04  Probe (Chrono Boost)  
  19  1:12  Pylon  
  19  1:13  Probe (Chrono Boost)  
  19  1:18  Probe  
  20  1:25  Cybernetics Core  
  21  1:29  Zealot  
  23  1:33  Probe  
  24  1:41  Pylon  
  24  1:45  Probe  
  25  1:57  Probe  
  25  1:59  Warp Gate (Chrono Boost)  
  26  2:01  Stalker  
  28  2:10  Probe  
  29  2:18  Cybernetics Core  
  30  2:34  Stalker  
  31  2:41  Nexus  
  31  2:50  Probe, Shield Battery  
  30  3:00  Pylon  
  30  3:02  Probe  
  31  3:12  Shield Battery  
  31  3:18  Probe  
  31  3:19  Shield Battery  
  32  3:24  Twilight Council  
  32  3:30  Probe  
  32  3:34  Gateway  
  33  3:43  Stalker  
  33  3:44  Shield Battery  
  35  3:51  Probe (Chrono Boost)  
  34  3:57  Probe (Chrono Boost)  
  36  4:07  Probe (Chrono Boost)  
  36  4:08  Probe (Chrono Boost)  
  37  4:12  Stalker  
  37  4:14  Probe (Chrono Boost)  
  40  4:23  Probe (Chrono Boost)  
  40  4:24  Probe (Chrono Boost)  
  40  4:29  Probe (Chrono Boost)  
  38  4:34  Probe (Chrono Boost)  
  38  4:35  Stalker  
  41  4:39  Probe (Chrono Boost)  
  41  4:42  Stalker  
  41  4:44  Probe x2 (Chrono Boost)  
  44  4:48  Blink (Chrono Boost)  
  45  4:58  Probe (Chrono Boost)  
  47  5:00  Probe (Chrono Boost)  
  47  5:08  Probe (Chrono Boost)  
  47  5:09  Probe (Chrono Boost)  
  47  5:11  Stalker  
  47  5:12  Stalker  
  52  5:17  Probe  
  52  5:19  Probe  
  54  5:22  Shield Battery  
  49  5:30  Probe  
  49  5:32  Probe  
  51  5:37  Forge  
  51  5:40  Stalker  
  54  5:44  Pylon  
  54  5:46  Pylon  
  54  5:51  Probe (Chrono Boost)  
  54  5:58  Nexus  
  55  6:04  Probe (Chrono Boost)  
  55  6:07  Probe (Chrono Boost), Stalker  
  55  6:09  Stalker  
  60  6:12  Protoss Ground Weapons Level 1 (Chrono Boost)  
  60  6:13  Probe (Chrono Boost)  
  60  6:17  Probe  
  62  6:21  Probe  
  63  6:30  Probe  
  63  6:31  Robotics Facility  
  64  6:44  Probe  
  64  6:45  Probe  
  66  6:49  Stalker x2  
  66  6:51  Pylon  
  70  6:56  Gateway x2  
  70  7:00  Pylon  
  70  7:09  Probe (Chrono Boost)  
  70  7:10  Probe (Chrono Boost), Pylon  
  70  7:14  Probe (Chrono Boost)  
  70  7:15  Stalker x2  
  77  7:19  Observer, Probe x2 (Chrono Boost)  
  81  7:23  Probe (Chrono Boost)  
  81  7:24  Probe (Chrono Boost)  
  81  7:26  Probe (Chrono Boost)  
  81  7:29  Charge  
  83  7:35  Probe (Chrono Boost)  
  86  7:39  Probe (Chrono Boost)  
  86  7:40  Gateway  
  86  7:41  Probe (Chrono Boost), Gateway  
  86  7:42  Probe (Chrono Boost), Gateway  
  87  7:46  Probe (Chrono Boost), Gateway  
  87  7:48  Templar Archives  
  87  7:49  Assimilator  
  87  7:50  Probe x2  
  90  7:54  Observer, Shield Battery  
  91  8:00  Assimilator  
  91  8:03  Assimilator  
  91  8:07  Probe, Assimilator  
  91  8:10  Probe x2, Protoss Ground Weapons Level 2 (Chrono Boost)  
  91  8:11  Pylon  
  94  8:25  Probe x3  
  97  8:32  Photon Cannon, Shield Battery  
  97  8:33  High Templar x2  
  100  8:34  Zealot x2  
  100  8:35  Shield Battery  
  100  8:38  Archon  
  100  8:40  Zealot x3  
  100  8:41  Pylon  
  110  8:44  Pylon  
  110  8:46  Stalker  
  112  8:48  Warp Prism  
  112  8:55  Photon Cannon  
  114  8:57  High Templar, Pylon  
  114  9:00  High Templar  
  118  9:05  Archon  
  118  9:08  Zealot x2  
  118  9:09  Zealot  
  124  9:11  Zealot x2  
  124  9:16  Zealot  
  111  9:31  Zealot  
  111  9:32  Zealot x2  
  111  9:33  Zealot  
  111  9:34  Zealot x3  
  111  9:36  Probe  
  124  9:42  Zealot  
  124  9:43  Probe  
  94  9:54  Zealot  
  94  9:55  Zealot x3  
  94  9:56  Zealot  
  88  10:04  Zealot x3  
  81  10:18  Zealot x2  
  81  10:19  Zealot x2  
  76  10:27  Zealot  
  76  10:28  Zealot  
Tags
 
Add a new tag
Caveats
  • Supply blocks, unpowered buildings, or Contaminate may cause inaccurate times.
  • Supply counts are checked every 10 seconds.